 Dungeon Sprint DCSS version 0.21.0-25-ge575cb9 (webtiles) character file.

36426 wojtek the Executioner (level 12, -42/187 HPs)
             Began as a Minotaur Berserker on Jan 26, 2018.
             Was a Priest of Trog.
             Annihilated by an azure jelly (44 damage)
             ... in the Dungeon (Sprint III: "The Ten Rune Challenge").
             The game lasted 00:13:12 (4744 turns).

wojtek the Executioner (Minotaur Berserker)         Turns: 4744, Time: 00:13:13

Health: -42/187    AC: 21    Str: 34    XL:     12   Next: 71%
Magic:  11/11      EV: 16    Int:  8    God:    Trog [***...]
Gold:   2247       SH:  0    Dex: 11    Spells: 11/11 levels left

rFire    . . .     SeeInvis .   q - +3 battleaxe (chop)
rCold    . . .     Gourm    .   (shield currently unavailable)
rNeg     . . .     Faith    .   v - +0 plate armour
rPois    .         Spirit   .   t - +2 hat
rElec    +         Reflect  .   (no cloak)
rCorr    +         Harm     .   w - +0 pair of gloves {archery}
MR       .....     NoTele   +   (no boots)
Stlth    ..........             (no amulet)
HPRegen  0.41/turn              x - ring "Qufiufu" {rElec Str+3 Int+4}
MPRegen  0.12/turn              y - ring of resist corrosion

@: berserking, very quick
A: retaliatory headbutt, horns 2
}: 1/10 runes: barnacled
a: Berserk, Trog's Hand, Burn Spellbooks, Renounce Religion


You were in the Dungeon.
You worshipped Trog.
Trog was most pleased with you.
You were very hungry.

You visited 1 branch You collected 3615 gold pieces.
You spent 1368 gold pieces at shops.

Inventory:

Hand Weapons
 b - a +2 battleaxe of freezing
 q - a +3 battleaxe of chopping (weapon)
 s - a +5 antimagic broad axe
 u - the +6 executioner's axe of Corporal Punishment {drain, rElec rN++ Int-2}
   (Trog gifted it to you in the Dungeon)

   A truly terrible weapon, it drains the life of those it strikes.
   It affects your intelligence (-2).
   It insulates you from electricity.
   It greatly protects you from negative energy.
Armour
 t - a +2 hat (worn)
 v - a +0 plate armour (worn)
 w - a +0 pair of gloves of archery (worn)
 z - a +1 hat of intelligence
Jewellery
 x - the ring "Qufiufu" (left hand) {rElec Str+3 Int+4}
   (You bought it in a shop in the Dungeon)

   [ring of intelligence]

   It affects your strength (+3).
   It affects your intelligence (+4).
   It insulates you from electricity.
 y - a ring of resist corrosion (right hand)
Scrolls
 j - 2 scrolls of immolation {unknown}
 k - a scroll of identify {unknown}
 m - a scroll of holy word {unknown}
 n - a scroll of enchant armour {unknown}
 o - 2 scrolls of fog
Potions
 d - 2 potions of curing
 e - 8 potions of heal wounds
 f - a potion of haste
 g - 2 potions of magic
 h - a potion of berserk rage
 l - 6 potions of flight
 p - 4 potions of mutation
Miscellaneous
 r - a phial of floods (inert)
Comestibles
 a - 5 chunks of flesh
 c - 13 rations


   Skills:
 + Level 17.4 Fighting
 * Level 22.9 Axes
 + Level 17.3 Armour
 + Level 16.0 Dodging


You had 11 spell levels left.
You didn't know any spells.

Dungeon Overview and Level Annotations

Branches:
Dungeon (1/1)

Altars:
Cheibriados
Dithmenos
Elyvilon
Fedhas
Gozag
Hepliaklqana
Kikubaaqudgha
Makhleb
Nemelex Xobeh
Okawaru
Qazlal
Ru
Sif Muna
Trog
Uskayaw
Vehumet
Wu Jian
Xom
Yredelemnul
Zin
The Shining One
Beogh
Jiyva
Lugonu

Shops:
D [=?:


Innate Abilities, Weirdness & Mutations

You reflexively headbutt those who attack you in melee.
You have a pair of horns on your head.


Message History

The azure jelly hits you but does no damage.
The azure jelly hits you. The azure jelly freezes you!!!
* * * LOW HITPOINT WARNING * * *
The azure jelly closely misses you. The azure jelly misses you.
You swap places.
The azure jelly closely misses your ogre.
The azure jelly hits your ogre. The azure jelly freezes your ogre!!!
Your ogre dies!
Your ogre's corpse disappears in a puff of smoke!
There is an open door here.
You see here a hunting sling.
Okay, then.
Okay, then.
A red film seems to cover your vision as you go berserk!
You feel yourself moving faster!
You feel mighty!
You are feeling very hungry.
The azure jelly hits you.
* * * LOW HITPOINT WARNING * * *
The azure jelly freezes you!!!
You die...

▓.....#.≈≈≈.......#'#
▓'#####...........#.)
▓.................#__
▓▓▓▓▓▓▓▓▓▓▓▓▓▓▓▓▓▓▓▓▓
▓...'≈≈≈≈≈≈§≈≈♣♣....
▓...#.≈≈§§≈≈.≈♣♣.≈≈≈
▓.P.#≈≈.§§§§≈≈......
▓...#≈≈§≈§§≈≈≈♣♣♣♣♣♣
▓..@#≈≈§≈§≈≈≈≈♣
▓##J####.#######♣
▓......).......)♣♣
▓#'#############'♣
▓...#≈.....J.JJ..♣
▓...'≈≈...########♣♣
▓...#≈≈≈.....(...(.♣
▓...#≈≈≈≈..........♣
#+#############)####


You could see an azure jelly.

Vanquished Creatures
  Rupert (D)
  Polyphemus (D)
  Gastronok (D)
  Ilsuiw (D)
  A dire elephant (D)
  A merfolk javelineer (D)
  A centaur warrior (D)
  Erica (D)
  4 death yaks (D)
  A sea snake (D)
  An unseen horror (D)
  A deep elf mage (D)
  2 spiny frogs (D)
  2 black mambas (D)
  A rime drake (D)
  A komodo dragon (D)
  A queen bee (D)
  8 blink frogs (D)
  2 tyrant leeches (D)
  3 dream sheep (D)
  3 wandering mushrooms (D)
  A shadow (D)
  A spatial vortex (D)
  A necrophage (D)
  2 centaurs (D)
  An earth elemental (D)
  A water elemental (D)
  29 killer bees (D)
  A jelly (D)
  A wizard (D)
  A necromancer (D)
  3 humans (D)
  A kobold demonologist (D)
  An ooze (D)
  A phantom (D)
  3 rats (D)
  A plant (D)
87 creatures vanquished.

Vanquished Creatures (collateral kills)
  3 azure jellies (D)
  A dire elephant (D)
  2 elephants (D)
  A redback (D)
  2 orc warriors (D)
  3 killer bees (D)
  3 orc priests (D)
  5 orc wizards (D)
  7 orcs (D)
27 creatures vanquished.

Vanquished Creatures (others)
  2 draconian scorchers (D)
  6 hellions (D)
  2 yaktaurs (D)
  A swamp drake (D)
  An orc wizard (D)
  11 plants (D)
23 creatures vanquished.

Grand Total: 137 creatures vanquished

Notes
Turn   | Place    | Note
-------+----------+-------------------------------------------
     0 | D        | wojtek the Minotaur Berserker began the quest for the Orb.
     0 | D        | Reached XP level 1. HP: 19/19 MP: 0/0
     5 | D        | Reached skill level 4 in Axes
    15 | D        | Reached ** piety under Trog
    33 | D        | Killed a yaktaur
    85 | D        | Killed a hellion
    88 | D        | Killed a hellion
    90 | D        | Killed a hellion
    98 | D        | Reached skill level 5 in Axes
    98 | D        | Reached XP level 2. HP: 7/28 MP: 1/1
   110 | D        | Killed a hellion
   111 | D        | Killed a hellion
   118 | D        | Killed a hellion
   145 | D        | Killed a white draconian scorcher
   158 | D        | Killed a white draconian scorcher
   208 | D        | Killed a yaktaur
   344 | D        | Reached XP level 3. HP: 33/35 MP: 2/2
   376 | D        | Noticed a water elemental
   379 | D        | Killed a water elemental
   379 | D        | Reached *** piety under Trog
   379 | D        | Reached skill level 5 in Fighting
   379 | D        | Reached skill level 7 in Axes
   379 | D        | Reached skill level 5 in Armour
   379 | D        | Reached XP level 4. HP: 44/44 MP: 3/3
   446 | D        | Found a radiant altar of Vehumet.
   446 | D        | Found a deep blue altar of Sif Muna.
   446 | D        | Found an ancient bone altar of Kikubaaqudgha.
   446 | D        | Noticed a wizard
   449 | D        | Noticed an ice devil
   450 | D        | Killed a wizard
   453 | D        | Reached **** piety under Trog
   453 | D        | Reached skill level 8 in Axes
   453 | D        | Reached skill level 5 in Dodging
   628 | D        | Found a glowing silver altar of Zin.
   629 | D        | Found a glowing golden altar of the Shining One.
   629 | D        | Found a white marble altar of Elyvilon.
   629 | D        | Noticed a deep elf mage
   639 | D        | Killed a deep elf mage
   639 | D        | Reached ***** piety under Trog
   639 | D        | Reached skill level 11 in Axes
   639 | D        | Reached XP level 5. HP: 56/56 MP: 4/4
   639 | D        | Reached XP level 6. HP: 62/62 MP: 5/5
   639 | D        | Reached XP level 7. HP: 69/69 MP: 6/6
   653 | D        | Found a hide-covered altar of Uskayaw.
   653 | D        | Found an iron altar of Okawaru.
   654 | D        | Found a roughly hewn altar of Beogh.
   654 | D        | Found a bloodstained altar of Trog.
   654 | D        | Found an ornate altar of the Wu Jian Council.
   654 | D        | Noticed a human
   654 | D        | Noticed a human
   658 | D        | Killed a human
   658 | D        | Reached skill level 12 in Axes
   661 | D        | Killed a human
   730 | D        | Found a shadowy altar of Dithmenos.
   732 | D        | Received a gift from Trog
   738 | D        | Reached skill level 13 in Axes
   739 | D        | Found a basalt altar of Yredelemnul.
   739 | D        | Found a sacrificial altar of Ru.
   748 | D        | Noticed a shadow
   754 | D        | Killed a shadow
   754 | D        | Reached skill level 10 in Fighting
   754 | D        | Reached XP level 8. HP: 66/79 MP: 2/7
   810 | D        | Found a blossoming altar of Fedhas.
   810 | D        | Found a stormy altar of Qazlal.
   811 | D        | Found a snail-covered altar of Cheibriados.
   811 | D        | Found a burning altar of Makhleb.
   811 | D        | Found a hazy altar of Hepliaklqana.
   811 | D        | Found a shimmering altar of Xom.
   811 | D        | Found an opulent altar of Gozag.
   811 | D        | Found a sparkling altar of Nemelex Xobeh.
   811 | D        | Found a corrupted altar of Lugonu.
   811 | D        | Found a viscous altar of Jiyva.
   816 | D        | Reached skill level 10 in Armour
   829 | D        | Noticed Erica
   838 | D        | Killed Erica
   838 | D        | Reached skill level 14 in Axes
   838 | D        | Reached skill level 10 in Dodging
  1417 | D        | Received a gift from Trog
  1417 | D        | Reached XP level 9. HP: 82/89 MP: 2/8
  1419 | D        | Reached skill level 15 in Axes
  1428 | D        | Received a gift from Trog
  1438 | D        | Reached ****** piety under Trog
  1448 | D        | Got a fine executioner's axe {god gift}
  1452 | D        | Found Touhy's Book Shop.
  1496 | D        | Identified the +6 executioner's axe of Corporal Punishment {drain, rElec rN++ Int-2} (Trog gifted it to you in the Dungeon)
  1552 | D        | Noticed a centaur warrior
  1554 | D        | Received a gift from Trog
  1557 | D        | Killed a centaur warrior
  1557 | D        | Reached skill level 16 in Axes
  1647 | D        | Killed an unseen horror
  1789 | D        | Received a gift from Trog
  1795 | D        | Reached XP level 10. HP: 74/100 MP: 9/9
  1801 | D        | Received a gift from Trog
  1801 | D        | Reached skill level 17 in Axes
  2171 | D        | Received a gift from Trog
  2206 | D        | Received a gift from Trog
  2437 | D        | Noticed a spiny frog
  2437 | D        | Noticed a spiny frog
  2443 | D        | Killed a spiny frog
  2443 | D        | Reached skill level 18 in Axes
  2447 | D        | Killed a spiny frog
  2447 | D        | Received a gift from Trog
  2583 | D        | Noticed Rupert
  2585 | D        | Paralysed by Rupert for 3 turns
  2603 | D        | Killed Rupert
  2603 | D        | Reached skill level 19 in Axes
  2603 | D        | Reached XP level 11. HP: 111/111 MP: 10/10
  2664 | D        | Noticed a dire elephant
  2665 | D        | Received a gift from Trog
  2666 | D        | Noticed a dire elephant
  2673 | D        | Noticed Gastronok
  2673 | D        | Killed a dire elephant
  2673 | D        | Reached skill level 15 in Fighting
  2679 | D        | Killed a dire elephant
  2679 | D        | Reached skill level 20 in Axes
  2679 | D        | Reached skill level 15 in Armour
  2688 | D        | Killed Gastronok
  2710 | D        | Noticed an azure jelly
  2710 | D        | Noticed an azure jelly
  2710 | D        | Noticed an azure jelly
  2714 | D        | Noticed an azure jelly
  2908 | D        | Noticed a death yak
  2908 | D        | Noticed a death yak
  2922 | D        | Killed a death yak
  2929 | D        | Killed a death yak
  2930 | D        | Noticed a death yak
  2930 | D        | Noticed a death yak
  2936 | D        | Killed a death yak
  2936 | D        | Received a gift from Trog
  2936 | D        | Reached skill level 21 in Axes
  3109 | D        | Killed a death yak
  3109 | D        | Reached XP level 12. HP: 26/122 MP: 11/11
  3478 | D        | Noticed Polyphemus
  3493 | D        | Killed Polyphemus
  3493 | D        | Reached skill level 15 in Dodging
  3498 | D        | Received a gift from Trog
  3581 | D        | Noticed Ilsuiw
  3607 | D        | Killed Ilsuiw
  3607 | D        | Reached skill level 22 in Axes
  3796 | D        | Found Winofimo's Antique Armour Shoppe.
  3796 | D        | Found Dupoany's Jewellery Boutique.
  3881 | D        | Found Riokueta's Magic Scroll Emporium.
  3943 | D        | Noticed a merfolk javelineer
  3965 | D        | Killed a merfolk javelineer
  3999 | D        | Bought a glowing hat for 196 gold pieces
  3999 | D        | Bought a pair of glowing gloves for 210 gold pieces
  4016 | D        | Bought a scroll of fog for 20 gold pieces
  4027 | D        | Got a barnacled rune of Zot
  4039 | D        | Bought the ring "Qufiufu" {rElec Str+3 Int+4} for 662 gold pieces
  4042 | D        | Bought an uncursed ring of resist corrosion for 280 gold pieces
  4095 | D        | HP: 5/125 [azure jelly (2)]
  4099 | D        | HP: 1/125 [azure jelly (5)]
  4136 | D        | Killed an azure jelly
  4692 | D        | Killed an azure jelly
  4706 | D        | Killed an azure jelly
  4741 | D        | HP: 4/125 [azure jelly (43)]
  4744 | D        | Annihilated by an azure jelly

Skill      XL: |  1  2  3  4  5  6  7  8  9 10 11 12 |
---------------+-------------------------------------+-----
Fighting       | 4 5 8 10 11 12 14 16 17 | 17.4
Axes           | 5 7 11 13 14 16 19 21 22 | 22.9
Armour         | 3 4 5 8 9 11 12 14 16 17 | 17.3
Dodging        | 3 4 7 9 10 11 13 14 16 | 16.0

Action                   |  1- 3 |  4- 6 |  7- 9 | 10-12 || total
-------------------------+-------+-------+-------+-------++-------
Melee: Hand axe          |    23 |     7 |     7 |       ||    37
       Headbutt          |     1 |     2 |    13 |    45 ||    61
       War axe           |       |       |    31 |       ||    31
       Battleaxe         |       |       |    19 |   200 ||   219
       Executioner's axe |       |       |     4 |       ||     4
Invok: Berserk           |     2 |     1 |     3 |     4 ||    10
       Burn Spellbooks   |       |     1 |       |       ||     1
       Brothers in Arms  |       |       |     2 |    12 ||    14
Evoke: Phial of floods   |       |       |       |     2 ||     2
  Use: Scroll            |       |       |       |     1 ||     1
 Stab: Confused          |       |       |       |     1 ||     1
       Distracted        |       |       |       |     1 ||     1
  Eat: Ration            |       |     1 |     1 |     1 ||     3
       Chunk             |       |       |     2 |    14 ||    16
Armor: Animal skin       |     3 |     1 |       |       ||     4
       Chain mail        |       |       |     7 |       ||     7
       Plate armour      |       |       |    21 |    79 ||   100
Dodge: Dodged            |    10 |     5 |    33 |   131 ||   179
